Unix NetHack Version 3.7.0-86 Work-in-progress - last build May 30 2023 01:50:43 (cc98dc9aa62a9957b082a042edf5bd7ec9f632c7,branch:master). Game began 2023-06-02 13:58:30, ended 2023-06-02 19:08:29. pinball, chaotic male elven Wizard --------------- |.............| ----- #....".........| |.@.| #--.------------ |..)| # ## (-@..| # # #----- # # o # # -------- ## # # ------ ##-...{...# # # #### |.....####### # |...>..|# # # #### |....| ####-......|# -----------# # # |....|####### |.._...|####|.......o.-o # ---|- |.....##########-......| #-.......<^| # |...| ###.....|# -------- |.........| ----- o |....########### ------# ----------- |.>.|## |...| ############# |...|# |...| |...-# ----- ----- Pinball the Thaumaturge St:10 Dx:17 Co:13 In:18 Wi:12 Ch:9 Chaotic S:5626 Dlvl:4 $:524 HP:36(38) Pw:62(64) AC:3 Xp:7/1168 T:8475 Blind Latest messages: G - an uncursed scroll of light (2 in total). y - an uncursed wand of magic missile. You have a little trouble lifting an uncursed lamp. Continue? [ynq] (q) y You have a little trouble lifting D - an uncursed lamp. You have a little trouble lifting x - an uncursed whistle called tin. Your movements are slowed slightly because of your load. You have a little trouble lifting v - an uncursed bullwhip. You see here an uncursed potion called water. You have a little trouble lifting o - an uncursed potion called water. Where do you want to travel to? (For instructions type a '?') What do you want to drop? [$a-vx-zB-GI-RTUWX or ?*] I You drop an uncursed pick-axe. Your movements are now unencumbered. "Hello, pinball! Welcome again to Angmagssalik's general store!" There are many objects here. What do you want to drop? [$a-vx-zB-GJ-RTUWX or ?*] D You drop an uncursed lamp. Angmagssalik offers 5 gold pieces for your lamp. Sell it? [ynaq] (n) n D - an uncursed lamp. What do you want to call? [gik-morxCDJKORTU or ?*] D Call a lamp: oil There are many objects here. What do you want to drop? [$a-vx-zB-GJ-RTUWX or ?*] j You drop a cursed thonged club. Angmagssalik offers 2 gold pieces for your thonged club. Sell it? [ynaq] (n) y A cursed aklys; you sold it for 2 gold pieces. What do you want to drop? [$a-ik-vx-zB-GJ-RTUWX or ?*] N You drop an uncursed aklys. Angmagssalik offers 2 gold pieces for your aklys. Sell it? [ynaq] (n) n N - an uncursed aklys. What do you want to name? [a-ik-vx-zB-GJ-RTUWX or ?*] N What do you want to name this aklys? +0 There are many objects here. What do you want to drop? [$a-ik-vx-zB-GJ-RTUWX or ?*] p You drop an uncursed poisoned dart. Angmagssalik offers 1 gold piece for your poisoned dart. Sell it? [ynaq] (n) y You sold an uncursed poisoned dart for 1 gold piece. Pick an object. The hill orc throws an orcish dagger! You are hit by an orcish dagger. In what direction? b The spell hits the hill orc! You kill the hill orc! What do you want to put on? [deilFPW or ?*] P You are now wearing a blindfold. You can't see any more. Really quit? [yn] (n) y Angmagssalik gratefully inherits all your possessions. Do you want to see what you had when you quit? [ynq] (y) q Inventory: Coins $ - 524 gold pieces Weapons u - a +0 crossbow bolt N - a +0 aklys named +0 v - a +0 bullwhip a - a blessed +1 quarterstaff (alternate weapon; not wielded) Armor T - an uncursed +0 dwarvish iron helm (being worn) B - an uncursed +0 pair of iron shoes (being worn) b - an uncursed +0 cloak of magic resistance (being worn) X - an uncursed +0 leather armor (being worn) Comestibles M - an uncursed slime mold n - an uncursed carrot L - 2 uncursed tripe rations Scrolls t - a blessed scroll of blank paper Q - an uncursed scroll of identify G - 2 uncursed scrolls of light z - an uncursed scroll of scare monster Potions o - an uncursed potion of water Rings d - an uncursed ring of cold resistance i - an uncursed ring of free action m - an uncursed +2 ring of increase accuracy (on right hand) e - an uncursed ring of regeneration f - an uncursed ring of see invisible (on left hand) F - an uncursed ring of slow digestion l - an uncursed ring of teleport control Wands O - a wand of cold (0:5) y - a wand of magic missile (0:5) r - a wand of make invisible (0:4) U - a wand of nothing (0:0) C - a wand of polymorph (0:4) K - a wand of polymorph (0:4) q - a wand of probing (0:5) c - a wand of secret door detection (0:14) E - a wand of undead turning (0:1) Tools P - an uncursed blindfold (being worn) D - an uncursed oil lamp k - an uncursed skeleton key s - an uncursed stethoscope x - an uncursed tin whistle W - an uncursed towel h - a +0 unicorn horn Gems/Stones J - 2 uncursed amethyst stones R - an uncursed luckstone g - an uncursed touchstone Pinball the Wizard's attributes: Background: You were a Thaumaturge, a level 7 male elven Wizard. You were chaotic, on a mission for Anhur who was opposed by Ptah (lawful) and Thoth (neutral). You were in the Dungeons of Doom, on level 4. You entered the dungeon 8475 turns ago. You had 1168 experience points, 112 more were needed to attain level 8. Your score was 5626 before end-of-game adjustments. Basics: You had 36 out of 38 hit points. You had 62 out of 64 energy points (spell power). Your armor class was 3. Your wallet contained 524 zorkmids. Autopickup was off. Final Characteristics: Your strength was 10 (peak:15, limit:18). Your dexterity was 17 (limit:18). Your constitution was 13 (limit:16). Your intelligence was 18 (limit:20). Your wisdom was 12 (limit:20). Your charisma was 9 (limit:18). Final Status: You were deliberately blind. You were not hungry. You were unencumbered. You were bare handed. You were unskilled in bare handed combat. Final Attributes: You were piously aligned. You were magic-protected. You were sleep resistant. You would have seen invisible when not blind. You were telepathic. You had infravision. You had a small bonus to hit (+2). You were warded. You were very lucky. You had extra luck. Bad luck did not time out for you. Good luck did not time out for you. You survived. Miscellaneous: You never encountered a bones level. Total elapsed playing time was 3 hours, 38 minutes and 25 seconds. Major events: Turn 1: pinball the chaotic male elven Wizard entered the dungeon 1815: attained the rank of Conjurer (level 3) 2150: entered the Gnomish Mines 4876: entered Sokoban 4940: attained the rank of Thaumaturge (level 6) 8475: quit Vanquished creatures: a dwarf ruler an ettin zombie a wolf 2 giant spiders a gnome ruler a dwarf mummy a yeti a chickatrice a blue jelly a white unicorn 2 plains centaurs a snake 4 apes a rope golem 6 bugbears a mountain nymph an Uruk-hai a pony a fog cloud 2 yellow lights 2 shriekers a violet fungus 4 gnome leaders a gnomish wizard a gray ooze a paper golem 6 giant ants a floating eye a kitten 4 dwarves a kobold leader 3 kobold shamans 3 hill orcs 3 rothes a rabid rat 2 centipedes a giant bat a dwarf zombie 4 iguanas 4 acid blobs a coyote 3 hobbits 2 large kobolds 4 hobgoblins 6 giant rats 7 cave spiders 2 brown molds 2 yellow molds a red mold 20 gnomes 2 gnome zombies 5 geckos 9 jackals a fox 2 kobolds 4 goblins 2 sewer rats a grid bug 4 bats 5 lichens 2 kobold zombies 4 newts 165 creatures vanquished. No species were genocided or became extinct. Voluntary challenges: You read items or engraved 25 times. You engraved Elbereth 6 times. You never genocided any monsters. You never polymorphed an object. You never changed form. You used no wishes. You did not violate any of the special Sokoban rules. Achievements: You entered a shop. You attained the rank of Conjurer. You entered the Gnomish Mines. You entered Sokoban. You attained the rank of Thaumaturge. The Dungeons of Doom: levels 1 to 9 Level 1: A fountain. Level 2: "$" Level 3: "+'s R Us" A general store. Level 4: <- You were here. A general store, an altar, a fountain. Stairs down to The Gnomish Mines. Level 5: Level 6: A potion shop. Level 7: Some fountains, a sink. Level 8: "black uni" Level 9: An altar to Anhur. Stairs up to Sokoban, level 8. The Gnomish Mines: levels 5 to 8 Level 5: Level 6: Level 7: Level 8: Sokoban: Level 8: Unsolved. Goodbye pinball the Wizard... You quit in The Dungeons of Doom on dungeon level 4 with 5626 points, and 524 pieces of gold, after 8475 moves. You were level 7 with a maximum of 38 hit points when you quit.